General information
- name: BNet
- type: Ladder team game (AT/RT)
- host: Battle.net
- saver: Flashbang_Omnix
map: TwilightRuins
- players: 8
- length: 17:47
- speed: Fast
- version: 1.26 W3XP
- replay type: Public
» download(106 KB)
Players
team 1 (loser)

»
politikin (
red | 46 APM | 824 actions | 17:46)
5 Demon Hunter
2 Mana Burn
3 Evasion
» actions
| Assign group hotkey | 4 | |
| Build / train | 42 | |
| Enter build submenu | 20 | |
| Enter hero's abilities submenu | 5 | |
| Right click | 545 | |
| Select / deselect | 167 | |
| Select group hotkey | 11 | |
| Use ability | 30 | |
824 total
» units
» upgrades
| Strength of the Wild | 3 | |
| Reinforced Hides | 3 | |
| Corrosive Breath | 1 | |
7 total
» buildings
| Altar of Elders | 1 | |
| Moon Well | 8 | |
| Hunter's Hall | 2 | |
| Ancient of War | 1 | |
| Tree of Ages | 1 | |
| Tree of Eternity | 1 | |
| Ancient of Wind | 1 | |
| Chimaera Roost | 3 | |
18 total
» build order
00:06 Altar of Elders
00:09 Moon Well
02:03 Hunter's Hall
02:09 Moon Well
02:12 Ancient of War
02:42 Tree of Ages
02:59 Moon Well
04:15 Hunter's Hall
05:04 Tree of Eternity
05:06 Ancient of Wind
06:36 Moon Well
07:26 Chimaera Roost
07:29 Chimaera Roost
07:32 Chimaera Roost
07:42 Moon Well
08:36 Moon Well
13:46 Moon Well
16:56 Moon Well
KODOS_FORSAKEN (
orange | 77 APM | 1363 actions | 17:46)
4 Blademaster
2 Wind Walk
2 Critical Strike
3 Shadow Hunter
1 Hex
2 Healing Wave
2 Far Seer
1 Feral Spirit
1 Far Sight
» actions
| Assign group hotkey | 120 | |
| Basic commands | 1 | |
| Build / train | 39 | |
| Enter build submenu | 11 | |
| Enter hero's abilities submenu | 9 | |
| Give item / drop item | 2 | |
| Right click | 721 | |
| Select / deselect | 213 | |
| Select group hotkey | 184 | |
| Use ability | 63 | |
1363 total
» units
» upgrades
» buildings
| Altar of Storms | 1 | |
| Orc Burrow | 5 | |
| Voodoo Lounge | 1 | |
| Stronghold | 1 | |
| Beastiary | 2 | |
| Fortress | 1 | |
| War Mill | 1 | |
12 total
» build order
00:07 Altar of Storms
00:20 Orc Burrow
01:38 Voodoo Lounge
02:05 Stronghold
02:22 Orc Burrow
02:47 Orc Burrow
04:22 Orc Burrow
04:27 Beastiary
04:29 Beastiary
07:46 Fortress
08:40 Orc Burrow
09:22 War Mill
» items
| Lesser Clarity Potion | 1 | |
| Healing Salve | 1 | |
| Boots of Speed | 1 | |
| Staff of Teleportation | 1 | |
| Gloves of Haste | 1 | |
| Claws of Attack +9 | 1 | |
| Claws of Attack +6 | 1 | |
7 total
I-MASS-BLUNTZ (
yellow | 43 APM | 766 actions | 17:46)
4 Archmage
2 Blizzard
2 Brilliance Aura
2 Paladin
1 Holy Light
1 Divine Shield
1 Mountain King
1 Storm Bolt
» actions
| Assign group hotkey | 10 | |
| Basic commands | 3 | |
| Build / train | 60 | |
| Enter build submenu | 30 | |
| Enter hero's abilities submenu | 8 | |
| Right click | 317 | |
| Select / deselect | 169 | |
| Select group hotkey | 125 | |
| Use ability | 44 | |
766 total
» units
| Peasant | 10 | |
| Rifleman | 8 | |
| Sorceress | 3 | |
21 total
» upgrades
| Gunpowder | 3 | |
| Armor | 3 | |
| Long Rifles | 1 | |
| Sorceress Training | 2 | |
9 total
» buildings
| Altar of Kings | 1 | |
| Farm | 12 | |
| Barracks | 1 | |
| Blacksmith | 1 | |
| Scout Tower | 3 | |
| Arcane Vault | 1 | |
| Arcane Tower | 1 | |
| Lumber Mill | 1 | |
| Keep | 1 | |
| Guard Tower | 3 | |
| Castle | 1 | |
| Arcane Sanctum | 1 | |
27 total
» build order
00:14 Altar of Kings
00:27 Farm
01:41 Barracks
01:56 Blacksmith
02:30 Scout Tower
02:37 Arcane Vault
02:57 Farm
02:59 Arcane Tower
03:26 Farm
03:27 Farm
03:56 Lumber Mill
04:55 Farm
05:05 Farm
05:32 Keep
05:58 Farm
06:41 Scout Tower
06:45 Scout Tower
08:51 Guard Tower
08:56 Castle
09:25 Arcane Sanctum
09:29 Farm
09:30 Farm
09:35 Farm
11:29 Guard Tower
11:41 Farm
11:44 Farm
» items
| Scroll of Regeneration | 2 | |
| Lesser Clarity Potion | 1 | |
| Ivory Tower | 5 | |
| Boots of Speed | 1 | |
| Periapt of Vitality | 2 | |
| Scroll of Town Portal | 1 | |
| Potion of Lesser Invulnerability | 1 | |
| Staff of Teleportation | 1 | |
14 total
AirborneSwine (
purple | 46 APM | 825 actions | 17:46)
5 Priestess of the Moon
2 Searing Arrows
3 Trueshot Aura
» actions
| Assign group hotkey | 22 | |
| Basic commands | 48 | |
| Build / train | 55 | |
| ESC pressed | 5 | |
| Enter build submenu | 22 | |
| Enter hero's abilities submenu | 5 | |
| Give item / drop item | 1 | |
| Right click | 243 | |
| Select / deselect | 152 | |
| Select group hotkey | 231 | |
| Use ability | 41 | |
825 total
» units
» upgrades
| Strength of the Moon | 2 | |
| Ultravision | 2 | |
| Moon Armor | 3 | |
| Sentinel | 1 | |
8 total
» buildings
| Altar of Elders | 1 | |
| Moon Well | 10 | |
| Ancient of War | 2 | |
| Hunter's Hall | 1 | |
| Tree of Ages | 1 | |
| Tree of Life | 1 | |
16 total
» build order
00:03 Altar of Elders
00:04 Moon Well
01:01 Ancient of War
01:39 Moon Well
02:09 Hunter's Hall
02:30 Ancient of War
02:38 Moon Well
04:29 Moon Well
07:20 Moon Well
07:22 Moon Well
07:23 Moon Well
08:43 Tree of Ages
11:28 Moon Well
11:41 Tree of Life
16:01 Moon Well
16:02 Moon Well
» items
| Boots of Speed | 1 | |
| Periapt of Vitality | 1 | |
2 total
team 2 (winner)

»
ssjsgj (
teal | 62 APM | 690 actions | 11:03)
2 Blademaster
1 Wind Walk
1 Critical Strike
» actions
| Assign group hotkey | 13 | |
| Basic commands | 10 | |
| Build / train | 35 | |
| Enter build submenu | 11 | |
| Enter hero's abilities submenu | 2 | |
| Right click | 309 | |
| Select / deselect | 121 | |
| Select group hotkey | 125 | |
| Use ability | 64 | |
690 total
» units
| Peon | 9 | |
| Grunt | 3 | |
| Demolisher | 2 | |
| Troll Headhunter/Berserker | 2 | |
| Troll Batrider | 2 | |
18 total
» buildings
| Altar of Storms | 1 | |
| Orc Burrow | 5 | |
| Voodoo Lounge | 1 | |
| War Mill | 1 | |
| Barracks | 1 | |
| Stronghold | 2 | |
| Beastiary | 2 | |
| Fortress | 2 | |
15 total
» build order
00:04 Altar of Storms
00:07 Orc Burrow
01:05 Voodoo Lounge
01:40 War Mill
02:01 Barracks
02:29 Orc Burrow
04:13 Orc Burrow
04:43 Stronghold
07:14 Beastiary
07:18 Beastiary
09:16 Orc Burrow
09:19 Orc Burrow
09:20 Fortress
09:21 Fortress
» items
| Healing Salve | 4 | |
| Lesser Clarity Potion | 2 | |
| Potion of Healing | 2 | |
8 total
bailong (
pink | 57 APM | 476 actions | 08:22)
1 Archmage
1 Blizzard
» actions
| Assign group hotkey | 17 | |
| Build / train | 44 | |
| Enter build submenu | 13 | |
| Enter hero's abilities submenu | 1 | |
| Right click | 198 | |
| Select / deselect | 88 | |
| Select group hotkey | 79 | |
| Use ability | 36 | |
476 total
» units
| Peasant | 26 | |
| Footman | 5 | |
| Goblin Shredder | 1 | |
32 total
» buildings
| Altar of Kings | 1 | |
| Farm | 15 | |
| Barracks | 1 | |
| Lumber Mill | 1 | |
| Scout Tower | 9 | |
| Blacksmith | 1 | |
| Guard Tower | 6 | |
| Town Hall | 1 | |
35 total
» build order
00:23 Altar of Kings
00:37 Farm
00:55 Barracks
01:03 Farm
01:04 Farm
01:06 Farm
01:07 Farm
01:08 Farm
01:10 Farm
01:14 Lumber Mill
01:54 Scout Tower
01:56 Scout Tower
01:57 Scout Tower
01:58 Scout Tower
03:14 Blacksmith
03:17 Farm
03:19 Farm
03:20 Farm
03:31 Guard Tower
04:33 Town Hall
04:35 Scout Tower
04:36 Scout Tower
04:37 Scout Tower
04:41 Scout Tower
04:43 Scout Tower
07:21 Guard Tower
07:21 Guard Tower
07:22 Guard Tower
08:07 Farm
08:08 Farm
08:09 Farm
08:10 Farm
08:12 Farm
Flashbang_Omnix (
blue | 58 APM | 1041 actions | 17:47)
1 Archmage
1 Blizzard
» actions
| Basic commands | 34 | |
| Build / train | 28 | |
| ESC pressed | 7 | |
| Enter build submenu | 15 | |
| Enter hero's abilities submenu | 1 | |
| Right click | 780 | |
| Select / deselect | 143 | |
| Use ability | 33 | |
1041 total
» units
» buildings
| Altar of Kings | 1 | |
| Farm | 3 | |
| Barracks | 1 | |
| Lumber Mill | 2 | |
| Scout Tower | 3 | |
| Arcane Tower | 2 | |
| Guard Tower | 2 | |
| Great Hall | 2 | |
| Orc Burrow | 2 | |
18 total
» build order
00:08 Altar of Kings
00:25 Farm
00:26 Farm
00:46 Barracks
02:19 Lumber Mill
02:22 Scout Tower
02:43 Farm
03:05 Arcane Tower
07:10 Lumber Mill
07:35 Scout Tower
07:52 Guard Tower
07:52 Guard Tower
07:54 Scout Tower
16:37 Great Hall
17:25 Great Hall
17:33 Orc Burrow
17:36 Orc Burrow
» items
| Lesser Clarity Potion | 1 | |
| Scroll of Speed | 1 | |
2 total
chefboyardee (
green | 26 APM | 250 actions | 09:33)
2 Tauren Chieftain
1 Shockwave
1 Endurance Aura
» actions
| Build / train | 26 | |
| Enter build submenu | 12 | |
| Enter hero's abilities submenu | 2 | |
| Right click | 100 | |
| Select / deselect | 89 | |
| Use ability | 21 | |
250 total
» units
» upgrades
» buildings
| Altar of Storms | 1 | |
| Orc Burrow | 4 | |
| Barracks | 3 | |
| Voodoo Lounge | 1 | |
| Stronghold | 1 | |
| War Mill | 1 | |
| Beastiary | 2 | |
13 total
» build order
00:08 Altar of Storms
00:11 Orc Burrow
01:09 Barracks
01:20 Barracks
01:27 Orc Burrow
03:54 Voodoo Lounge
04:35 Orc Burrow
04:53 Stronghold
06:13 War Mill
07:41 Barracks
07:49 Orc Burrow
08:47 Beastiary
08:50 Beastiary
» items
| Scroll of Town Portal | 1 | |
| Scroll of Speed | 1 | |
2 total
Chat log
(00:30 / All) chefboyardee: god damnit, im gonna get raped in fantasy rightnow
(00:36 / All) chefboyardee: this week
(00:42 / Allies) Flashbang_Omnix: kodos might towe rush
(00:44 / Allies) Flashbang_Omnix: watch out
(00:46 / All) politikin: shouldn't be playing wow
(00:58 / All) chefboyardee: fuck u dont any of u watch football?>
(01:06 / All) KODOS_FORSAKEN: kodo #1
(01:10 / Allies) Flashbang_Omnix: watch enemy bases
(01:13 / All) I-MASS-BLUNTZ: nope
(01:28 / All) politikin: is the world cup on?
(01:29 / All) AirborneSwine: foot ball? do you mean soccer?
(01:46 / Allies) Flashbang_Omnix: rush plz
(01:51 / Allies) Flashbang_Omnix: do it
(01:54 / Allies) Flashbang_Omnix: or I'll rush alone
(01:56 / All) chefboyardee: fuck u i said football, american football ur ignorant piece of swine
(02:01 / Allies) Flashbang_Omnix: shut up dude
(02:03 / All) AirborneSwine: ha ha?
(02:06 / All) I-MASS-BLUNTZ: lmao
(02:07 / Allies) Flashbang_Omnix: focus on winning this game
(02:12 / All) I-MASS-BLUNTZ: u proved how ignorant americans are ty
(02:27 / All) chefboyardee: faggit europeans spell if futball nyway
(02:30 / Allies) chefboyardee: anyway
(02:35 / All) chefboyardee: anyway
(02:43 / All) I-MASS-BLUNTZ: lol ur a clown
(02:59 / All) chefboyardee: youz a nig, get a job
(03:07 / All) I-MASS-BLUNTZ: nty
(03:26 / All) chefboyardee: LOLZ, u live in pg county son?>
(04:04 / All) KODOS_FORSAKEN: LOL
(05:10 / Allies) Flashbang_Omnix: help NOW
(05:17 / Allies) chefboyardee: blue u are terrible
(05:24 / Allies) chefboyardee: where is ur barracks?
(05:33 / Allies) Flashbang_Omnix: top NOW
(05:36 / Allies) Flashbang_Omnix: fuck you gusy
(06:49 / Allies) chefboyardee: omfg blue, build a barracks
(06:54 / Allies) Flashbang_Omnix: i did
(06:55 / Allies) Flashbang_Omnix: idiot
(06:56 / Allies) chefboyardee: at least some towers
(07:17 / Allies) Flashbang_Omnix: wood and gold me
(07:18 / Allies) Flashbang_Omnix: NOW
(07:27 / Allies) chefboyardee: fuck u
(07:33 / All) KODOS_FORSAKEN: lmao blue gtfo youngen
(07:36 / All) KODOS_FORSAKEN: wdf noob
(07:41 / Allies) Flashbang_Omnix: just tried to rush
(07:54 / Allies) chefboyardee: u rushed with nothing
(07:59 / Allies) Flashbang_Omnix: cuz i got owned
(08:06 / Allies) chefboyardee: u are lost
(08:08 / Allies) Flashbang_Omnix: fuck this
(08:09 / Allies) Flashbang_Omnix: im out
(08:11 / Allies) chefboyardee: u build is terrible
(08:21 / Allies) chefboyardee: wide open
(08:22 / Allies) Flashbang_Omnix: what the fuck you expect
(08:26 / Allies) chefboyardee: easy tio kill
(08:28 / Allies) Flashbang_Omnix: i wanted to rush
(08:29 / All) KODOS_FORSAKEN: I BRING THE FIRE
(08:31 / Allies) Flashbang_Omnix: not defend base
(08:34 / Allies) Flashbang_Omnix: fuck you
(08:41 / Allies) Flashbang_Omnix: you guys didnt even helped
(08:50 / Allies) Flashbang_Omnix: just left me to die
(08:52 / Allies) Flashbang_Omnix: so stfu
(08:55 / Allies) Flashbang_Omnix: noob
(08:57 / All) I-MASS-BLUNTZ: Gg essays
(09:14 / Allies) Flashbang_Omnix: if I was only elf
(09:21 / Allies) Flashbang_Omnix: I wouldb't have got owned like that
(09:33 / Allies) Flashbang_Omnix: i only play human cuz I have to
(09:39 / All) Flashbang_Omnix: had noob team
(09:42 / All) Flashbang_Omnix: lucky you guys
(09:44 / All) KODOS_FORSAKEN: u noob im pro
(09:52 / All) Flashbang_Omnix: you noob too KODOS
(09:55 / All) Flashbang_Omnix: noob
(09:58 / All) Flashbang_Omnix: noobster
(10:02 / All) Flashbang_Omnix: don't forget that
(10:05 / All) I-MASS-BLUNTZ: umm why are u still here
(10:06 / All) KODOS_FORSAKEN: im kodo #1
(10:24 / All) Flashbang_Omnix: you suck without your team KODOS
(10:27 / All) Flashbang_Omnix: admit it
(10:38 / All) KODOS_FORSAKEN: wgo #1
(11:01 / All) Flashbang_Omnix: if I get overwhelmed
(11:09 / All) Flashbang_Omnix: doesn't it make sense to help an ally?
(11:18 / All) Flashbang_Omnix: I only had one player helping
(11:22 / All) Flashbang_Omnix: which wasn't enough
(11:30 / All) KODOS_FORSAKEN: i know im pro
(11:41 / All) Flashbang_Omnix: you're noob
(11:43 / All) Flashbang_Omnix: not pro
(11:50 / All) Flashbang_Omnix: you called me noob
(11:52 / All) I-MASS-BLUNTZ: ur the biggest noob in the game
(11:53 / All) Flashbang_Omnix: so I call you
(11:54 / All) I-MASS-BLUNTZ: u know why
(11:57 / All) I-MASS-BLUNTZ: cause u are still here
(12:01 / All) Flashbang_Omnix: so what?
(12:06 / All) Flashbang_Omnix: I'll waste your time
(12:06 / All) I-MASS-BLUNTZ: so u lost
(12:07 / All) I-MASS-BLUNTZ: gtfo
(12:10 / All) I-MASS-BLUNTZ: dont be a nooby
(12:20 / All) Flashbang_Omnix: since you cursed at me
(12:23 / All) Flashbang_Omnix: i won't leave
(12:27 / All) Flashbang_Omnix: say your sorry
(12:31 / All) Flashbang_Omnix: yes you did
(12:38 / All) Flashbang_Omnix: you said "get the fuck out" in short
(12:45 / All) I-MASS-BLUNTZ: in short is the key word there
(12:48 / All) Flashbang_Omnix: what you cal that?
(12:53 / All) I-MASS-BLUNTZ: get the freak out
(12:54 / All) I-MASS-BLUNTZ: u dont know
(13:02 / All) I-MASS-BLUNTZ: ui dont know hwo i choose to abreviate words
(13:03 / All) Flashbang_Omnix: k I'll excuse that then...
(13:09 / All) I-MASS-BLUNTZ: quit making excuses
(13:14 / All) Flashbang_Omnix: but kodos called me a noob
(13:15 / All) I-MASS-BLUNTZ: lol
(13:19 / All) Flashbang_Omnix: which is inaccurate
(13:22 / All) I-MASS-BLUNTZ: well u know what helps
(13:24 / All) I-MASS-BLUNTZ: crying about it
(13:28 / All) Flashbang_Omnix: played ladder for years
(13:37 / All) I-MASS-BLUNTZ: ask ur mom for a cookie
(13:49 / All) Flashbang_Omnix: I'll save this replay and post it on highper.ch
(13:57 / All) Flashbang_Omnix: really wanted to win this match but whatever
(13:58 / All) I-MASS-BLUNTZ: good for ya
(14:20 / All) Flashbang_Omnix: hope Bear_and with his stupid name likes me getting beaten up
(14:32 / All) Flashbang_Omnix: can't he come up with a better name
(14:34 / All) Flashbang_Omnix: like mine?
(14:43 / All) Flashbang_Omnix: oh wait I already took the name...
(14:47 / All) I-MASS-BLUNTZ: now ur embarrising yourself
(14:48 / All) Flashbang_Omnix: hahah, too bad
(14:56 / All) Flashbang_Omnix: i don't care'
(15:19 / All) Flashbang_Omnix: it was natural I lose this game
(15:24 / All) KODOS_FORSAKEN: duh vs me
(15:28 / All) Flashbang_Omnix: noobs didnt saved me
(15:39 / All) Flashbang_Omnix: and was worried about KODOS here tower rushing
(15:49 / All) Flashbang_Omnix: that's why I weird built like that
(15:58 / All) Flashbang_Omnix: so to keep an eye out
(16:10 / All) Flashbang_Omnix: but KODOS here gave up doing that stuff
(16:23 / All) Flashbang_Omnix: so I'll build normally from now on...
(16:44 / All) Flashbang_Omnix: so what you guys doing?
(16:50 / All) Flashbang_Omnix: aren't ya gonna finish me off?
(16:53 / All) Flashbang_Omnix: end the game?
(17:30 / All) I-MASS-BLUNTZ: i remember when i was new to this game
(17:37 / All) I-MASS-BLUNTZ: i would hide units and shit to make games last along time
(17:41 / All) I-MASS-BLUNTZ: classic noob move
(17:45 / All) I-MASS-BLUNTZ: u should stop doing it